 Dungeon Sprint DCSS version 0.19.5 (webtiles) character file.

399 Snowbourne the Cleaver (level 6, -4/62 HPs)
             Began as a Minotaur Berserker on May 12, 2017.
             Was a Priest of Trog.
             Slain by a hippogriff (11 damage)
             ... in the Dungeon (Sprint II: "The Violet Keep of Menkaure").
             The game lasted 00:01:57 (611 turns).

Snowbourne the Cleaver (Minotaur Berserker)          Turns: 611, Time: 00:01:57

Health: -4/62      AC:  2    Str: 22    XL:     6   Next: 54%
Magic:  5/5        EV: 15    Int:  4    God:    Trog [***...]
Gold:   729        SH:  0    Dex:  9    Spells: 0 memorised, 5 levels left

rFire  . . .     SeeInvis .     a - +0 hand axe
rCold  . . .     Gourm    .     b - +0 animal skin
rNeg   . . .     Faith    .     (no shield)
rPois  .         Spirit   .     (helmet restricted)
rElec  .         Reflect  .     (no cloak)
rCorr  .         Harm     .     (no gloves)
MR     .....     NoTele   +     (no boots)
Stlth  +.........               (no amulet)
                                (no ring)
                                (no ring)

@: starving
A: retaliatory headbutt, horns 2, weak 1
a: Berserk, Trog's Hand, Burn Spellbooks, Renounce Religion


You were in the Dungeon.
You worshipped Trog.
Trog was most pleased with you.
You were starving.

You visited 1 branch You collected 729 gold pieces.

Inventory:

Hand Weapons
 a - a +0 hand axe (weapon)
Armour
 b - a +0 animal skin (worn)
Scrolls
 i - a scroll of blinking
Potions
 d - a potion of curing
 e - a potion of heal wounds
 f - a potion of haste
 g - 2 potions of magic
 h - a potion of berserk rage
Comestibles
 c - a bread ration


   Skills:
 + Level 8.4 Fighting
 * Level 11.2 Axes
 + Level 7.9 Armour
 + Level 7.2 Dodging


You had 5 spell levels left.
You didn't know any spells.

Dungeon Overview and Level Annotations

Branches:
Dungeon (1/1)

Altars:
Hepliaklqana
Qazlal
Ru
Sif Muna
Xom
Beogh
Jiyva

Annotations:
D exclusion: Roxanne, Roxanne


Innate Abilities, Weirdness & Mutations

You reflexively headbutt those who attack you in melee.
You have a pair of horns on your head.
You are weak. (Str -2)


Message History

The hippogriff bites you! The hippogriff pecks you.
The hippogriff closely misses you.
You hit the hippogriff.
The hippogriff is lightly wounded.
You hit the hippogriff but do no damage.
The hippogriff is lightly wounded.
The hippogriff closely misses you. The hippogriff pecks you!
The hippogriff claws you!
* * * LOW HITPOINT WARNING * * *
You hit the hippogriff but do no damage.
You headbutt the hippogriff.
The hippogriff is moderately wounded.
The hippogriff bites you!
* * * LOW HITPOINT WARNING * * *
The hippogriff closely misses you.
The hippogriff claws you but does no damage.
You barely miss the hippogriff. You headbutt the hippogriff.
The hippogriff is moderately wounded.
The hippogriff bites you!
You die...

≈≈≈.........#
≈≈≈≈.##'##..# ≈≈≈
#.#.##.#### ≈
#.##..#....#
#####..####..##
#.###'###.##..#
##..##.##.#.#..#
+.##'.<.'##.'..###
##..##@###..#....###.
#.###H#
#.##.§....≈≈≈≈ ###
.#H ###≈≈.....≈#+# .#
#.#≈≈≈≈≈≈≈§.≈#.. ##
##≈≈≈§≈≈≈≈.≈#._
#≈≈≈§≈≈≈≈§≈≈#_.
≈§§≈≈≈≈≈§§≈≈≈#._
#§'§#§≈≈§§≈§§≈#_.
≈§§§##≈≈§###≈§#


You could see 2 hippogriffs.

Vanquished Creatures
  A neqoxec (D)
  Menkaure (D)
  4 worker ants (D)
  3 worms (D)
9 creatures vanquished.

Vanquished Creatures (others)
  3 neqoxecs (D)
  A crocodile (D)
4 creatures vanquished.

Grand Total: 13 creatures vanquished

Notes
Turn   | Place    | Note
-------+----------+-------------------------------------------
     0 | D        | Snowbourne the Minotaur Berserker began the quest for the Orb.
     0 | D        | Reached XP level 1. HP: 19/19 MP: 0/0
     1 | D        | Noticed a worker ant
     1 | D        | Noticed a worker ant
     1 | D        | Noticed a worker ant
     1 | D        | Noticed a worker ant
     4 | D        | Killed a worker ant
     4 | D        | Reached skill level 5 in Axes
     4 | D        | Reached XP level 2. HP: 28/28 MP: 1/1
     7 | D        | Reached skill level 5 in Fighting
     7 | D        | Reached skill level 6 in Axes
     7 | D        | Reached XP level 3. HP: 36/36 MP: 2/2
    11 | D        | Reached ** piety under Trog
    11 | D        | Reached skill level 7 in Axes
    11 | D        | Reached XP level 4. HP: 33/42 MP: 3/3
    12 | D        | Reached skill level 5 in Armour
   168 | D        | Killed a crocodile
   231 | D        | Noticed a neqoxec
   237 | D        | Gained mutation: You are weak. (Str -2) [a neqoxec]
   238 | D        | Killed a neqoxec
   238 | D        | Reached *** piety under Trog
   238 | D        | Reached skill level 9 in Axes
   238 | D        | Reached XP level 5. HP: 52/52 MP: 4/4
   259 | D        | Killed a neqoxec
   272 | D        | Killed a neqoxec
   302 | D        | Found a stormy altar of Qazlal.
   303 | D        | Found a hazy altar of Hepliaklqana.
   303 | D        | Found a sacrificial altar of Ru.
   303 | D        | Found a shimmering altar of Xom.
   304 | D        | Found a roughly hewn altar of Beogh.
   304 | D        | Found a viscous altar of Jiyva.
   304 | D        | Found a deep blue altar of Sif Muna.
   305 | D        | Noticed a neqoxec
   311 | D        | Killed a neqoxec
   311 | D        | Reached skill level 10 in Axes
   311 | D        | Reached XP level 6. HP: 45/60 MP: 5/5
   320 | D        | Noticed Menkaure
   321 | D        | Noticed Roxanne
   330 | D        | Killed Menkaure
   330 | D        | Reached skill level 11 in Axes
   603 | D        | Noticed a hippogriff
   603 | D        | Noticed a hippogriff
   611 | D        | Slain by a hippogriff

Skill      XL: |  1  2  3  4  5  6 |
---------------+-------------------+-----
Fighting       | 4 5 7 8 |  8.4
Axes           | 5 6 7 9 10 11 | 11.2
Armour         | 3 4 6 7 |  7.9
Dodging        | 3 4 6 7 |  7.2

Action                   |  1- 3 |  4- 6 || total
-------------------------+-------+-------++-------
Melee: Hand axe          |     9 |    42 ||    51
       Headbutt          |       |    10 ||    10
Invok: Berserk           |     1 |     3 ||     4
  Eat: Chunk             |       |     1 ||     1
Armor: Animal skin       |       |     2 ||     2
Dodge: Dodged            |     2 |    15 ||    17
